 Dungeon Crawl Stone Soup version 0.24.0-13-gcf9b319 (webtiles) character file.

Game seed: 6643949624044291923, levelgen mode: deterministic

104 Bronimir the Firebug (level 4, 0/40 HPs)
             Began as an Ogre Fire Elementalist on Mar 28, 2020.
             Slain by a quasit (1 damage)
             ... while paralysed
             ... on level 2 of the Dungeon.
             The game lasted 00:04:13 (2486 turns).

Bronimir the Firebug (Ogre Fire Elementalist)       Turns: 2486, Time: 00:04:14

Health: 0/40       AC:  3    Str: 13    XL:     4   Next: 80%
Magic:  1/8        EV:  1    Int: 16    God:
Gold:   88         SH:  0    Dex: -1 (9) Spells: 6/9 levels left

rFire    . . .     SeeInvis .   l - +1 spear
rCold    . . .     Gourm    .   (no shield)
rNeg     . . .     Faith    .   a - +0 robe
rPois    .         Spirit   .   (helmet restricted)
rElec    .         Reflect  .   (no cloak)
rCorr    .         Harm     .   (gloves unavailable)
MR       .....                  (boots unavailable)
Stlth    ..........             (no amulet)
HPRegen  0.13/turn              (no ring)
MPRegen  0.11/turn              (no ring)

@: paralysed, berserk cooldown, very slightly contaminated, slowed, lost
dexterity
A: large, unfitting armour, tough skin 1
a: no special abilities


You were on level 2 of the Dungeon.
You were not hungry.

You visited 1 branch of the dungeon, and saw 2 of its levels.

You collected 88 gold pieces.

Inventory:

Hand Weapons
 f - a +0 club
 g - a +0 whip
 l - a +1 spear (weapon)
 q - a +0 flail
Missiles
 d - 61 stones
 o - 10 poisoned darts (quivered)
 r - 11 arrows
 s - 10 sling bullets
Armour
 a - a +0 robe (worn)
Scrolls
 k - 5 scrolls of identify
Potions
 b - 2 potions of curing
 i - a potion of brilliance {unknown}
 p - a potion of cancellation {unknown}
 t - a potion of heal wounds {unknown}
 u - a potion of flight {unknown}
Comestibles
 c - 5 rations
 v - 2 chunks of flesh


   Skills:
 + Level 0.4 Fighting
 + Level 0.3 Maces & Flails
 + Level 0.8 Polearms
 + Level 2.3 Dodging
 + Level 1.9 Stealth
 + Level 0.1 Unarmed Combat
 + Level 3.0 Spellcasting
 + Level 1.3 Conjurations
 + Level 3.6 Fire Magic


You had 6 spell levels left.
You knew the following spells:

 Your Spells              Type           Power        Failure   Level  Hunger
a - Flame Tongue          Conj/Fire      ##...        7%          1    #......
b - Throw Flame           Conj/Fire      ##....       11%         2    ##.....

Your spell library contained the following spells:

 Spells                   Type           Power        Failure   Level  Hunger
 Conjure Flame            Conj/Fire      ##......     21%         3    ###....
 Inner Flame              Hex/Fire       #.......     26%         3    ###....
 Sticky Flame             Conj/Fire      ##......     56%         4    #####..
 Fireball                 Conj/Fire      ##........   88%         5    ######.


Dungeon Overview and Level Annotations

Branches:
Dungeon (2/15)

Altars:


Innate Abilities, Weirdness & Mutations

You are too large for most types of armour.
You have tough skin. (AC +1)


Message History

The quasit claws you.
* * * LOW HITPOINT WARNING * * *
You feel clumsy.
The quasit bites you but does no damage.
The quasit claws you but does no damage. x2
The quasit bites you.
* * * LOW HITPOINT WARNING * * *
The quasit claws you.
* * * LOW HITPOINT WARNING * * *
The quasit claws you but does no damage.
You can move again.
You feel a strong urge to attack something.
You are no longer berserk.
You pass out from exhaustion.
You feel yourself slow down. The quasit bites you.
* * * LOW HITPOINT WARNING * * *
The quasit claws you but does no damage. x2
The quasit bites you.
You die...

#.#.#.. ..#.# #...........#
.#.#.# #.... ##.⌠........## ....#
#.#.# #...........# #.#.###.#.#
#.#........## #.#.....#.#
#.###...⌠..# #.....)...#
##...###...## ###.......#
#..⌠...###.# #####.#####.#
##5.......##### ........# #.#
#.@.........#.### .####)#.#
#.###........⌠.##...###
#....###.##...........#..⌠...#
#..#.....##.⌠....)...##.......
#..#.###.............#........
.###..#.###.###........##........
...>........# ###...⌠..#.........
####.######## ###...##.⌠.......
#.# ###............


You could see a quasit.

Vanquished Creatures
  Jessica (D:2)
  An adder (D:2)
  A shadow imp (D:2)
  An ooze (D:1)
  A worm (D:2)
  4 dart slugs
  2 leopard geckos (D:1)
  3 orcs (D:2)
  5 bats (D:1)
  6 goblins
  4 hobgoblins
  2 kobolds
  5 frilled lizards
  8 rats
44 creatures vanquished.

Notes
Turn   | Place    | Note
-------+----------+-------------------------------------------
     0 | D:1      | Bronimir the Ogre Fire Elementalist began the quest for the
                  | Orb.
     0 | D:1      | Reached XP level 1. HP: 16/16 MP: 3/3
    64 | D:1      | Reached XP level 2. HP: 19/24 MP: 0/5
   209 | D:1      | Learned a level 2 spell: Throw Flame
   813 | D:1      | Reached XP level 3. HP: 31/31 MP: 4/6
   863 | D:1      | Reached skill level 1 in Conjurations
  1704 | D:2      | Reached XP level 4. HP: 12/40 MP: 0/8
  2236 | D:2      | Noticed Jessica
  2243 | D:2      | Killed Jessica
  2480 | D:2      | Lost dexterity.
  2483 | D:2      | HP: 3/60 [quasit (1)]
  2486 | D:2      | HP: 1/40 [quasit (1)]
  2486 | D:2      | Slain by a quasit

Levels and vault maps discovered:
D:1:      lemuel_arrival_room, layout_basic, supply_closet_lemuel,
          chequers_arboretum
D:2:      minmay_skewed_foursquare, layout_loops_corners, nrook_mini_backslash,
          minmay_tetromino_s4, uniq_jessica

Skill      XL: |  1  2  3  4 |
---------------+-------------+-----
Dodging        | 2 |  2.3
Fire Magic     | 3 |  3.6
Conjurations   | 1 |  1.3
Spellcasting   | 3 |  3.0
Fighting       | |  0.4
Maces & Flails | |  0.3
Polearms       | |  0.8
Stealth        | |  1.9
Unarmed Combat | |  0.1

Action                   |  1- 3 |  4- 6 || total
-------------------------+-------+-------++-------
Melee: Unarmed           |     7 |       ||     7
       Whip              |    13 |       ||    13
       Club              |     7 |       ||     7
       Spear             |    26 |    22 ||    48
Throw: Dart              |     5 |       ||     5
 Cast: Flame Tongue      |    43 |    22 ||    65
  Use: Scroll            |       |     5 ||     5
       Potion            |       |     1 ||     1
 Stab: Sleeping          |     1 |       ||     1
  Eat: Chunk             |     2 |     3 ||     5
Armor: Robe              |    17 |    51 ||    68
Dodge: Dodged            |    42 |    44 ||    86
